 Dungeon Crawl Stone Soup version 0.18.1-50-g88ac8fd (webtiles) character file.

1255 RudyRod the Ogre Mage (level 8, -2/75 HPs)
             Began as an Ogre Fire Elementalist on Oct 9, 2016.
             Was an Initiate of Vehumet.
             Slain by a wyvern zombie (14 damage)
             ... on level 6 of the Dungeon.
             The game lasted 00:43:51 (9246 turns).

RudyRod the Ogre Mage (Ogre Fire Elementalist)      Turns: 9246, Time: 00:43:52

Health: -2/75      AC:  4    Str: 14    XL:     8   Next: 51%
Magic:  6/15       EV: 11    Int: 16    God:    Vehumet [......]
Gold:   256        SH:  0    Dex: 10    Spells: 2 memorised, 13 levels left

rFire  . . .     SeeInvis .     e - +2 flail (crush)
rCold  . . .     Gourm    .     a - +1 robe
rNeg   . . .     Faith    .     (no shield)
rPois  .         Spirit   .     (helmet restricted)
rElec  .         Dismiss  .     (no cloak)
rCorr  .         Reflect  .     (gloves unavailable)
SustAt .         Harm     .     (boots unavailable)
MR     .....                    (no amulet)
Stlth  +.........               (no ring)
                                (no ring)

@: not resistant to hostile enchantments, very unstealthy
A: unfitting armour, tough skin 1
a: Renounce Religion


You were on level 6 of the Dungeon.
You worshipped Vehumet.
Vehumet was noncommittal.
You were not hungry.

You visited 2 branches of the dungeon, and saw 7 of its levels.

You collected 256 gold pieces.

Inventory:

Hand Weapons
 e - a +2 flail of crushing (weapon)
 w - a +1 morningstar
Armour
 a - a +1 robe (worn)
Wands
 x - a wand of paralysis (5/24)
Scrolls
 m - 3 scrolls of identify
 n - 3 scrolls of enchant armour
 r - 6 scrolls of remove curse
Potions
 d - a potion of cure mutation {unknown}
 g - a potion of magic {unknown}
 h - 3 potions of curing
 o - 3 potions of heal wounds {unknown}
 s - 2 potions of ambrosia {unknown}
 v - a potion of lignification {unknown}
 z - a potion of resistance {unknown}
 A - a potion of brilliance {unknown}
Books
 b - a book of Flames

   Spells                             Type                      Level
   a - Flame Tongue                   Conjuration/Fire             1
   b - Throw Flame                    Conjuration/Fire             2
   c - Conjure Flame                  Conjuration/Fire             3
   d - Inner Flame                    Hexes/Fire                   3
   e - Sticky Flame                   Conjuration/Fire             4
   f - Fireball                       Conjuration/Fire             5
Comestibles
 c - 3 bread rations
 f - 2 chunks of flesh
 p - 2 slices of pizza
 q - a beef jerky


   Skills:
 + Level 3.5 Fighting
 * Level 4.2 Maces & Flails
   Level 0.2 Polearms
 + Level 1.0 Throwing
 + Level 4.8 Dodging
 + Level 2.0 Stealth
 + Level 5.2 Spellcasting
 + Level 2.4 Conjurations
 * Level 4.0 Fire Magic


You had 13 spell levels left.
You knew the following spells:

 Your Spells              Type           Power        Failure   Level  Hunger
a - Flame Tongue          Conj/Fire      ##...        4%          1    None
b - Conjure Flame         Conj/Fire      ##......     12%         3    ###....


Dungeon Overview and Level Annotations

Branches:
Dungeon (6/15)             Temple (1/1) D:4

Altars:
Cheibriados
Dithmenos
Elyvilon
Fedhas
Kikubaaqudgha
Nemelex Xobeh
Okawaru
Pakellas
Qazlal
Ru
Sif Muna
Trog
Vehumet
Xom
Yredelemnul
Zin
The Shining One

Shops:
D:5 =

Annotations:
D:6 Eustachio


Innate Abilities, Weirdness & Mutations

You are too large for most types of armour.
You have tough skin (AC +1).


Message History

* * * LOW HITPOINT WARNING * * *
Drop what? 20/52 slots (_ for help) (? for menu, Esc to quit)
Okay, then.
There's nothing to open nearby.
There's nothing to open nearby.
A wyvern zombie is nearby!
Adjust to which letter? (? for menu, Esc to quit)
Okay, then.
There isn't anything here!
Press: ? - help, v - describe, . - travel The floor.
Drink which item? (? for menu, Esc to quit)
You feel better. The wyvern zombie misses you.
Drink which item? (? for menu, Esc to quit)
You feel better. The wyvern zombie bites you!
* * * LOW HITPOINT WARNING * * *
The wyvern zombie closely misses you.
Drink which item? (? for menu, Esc to quit)
You feel better. The wyvern zombie bites you!
You die...

####<##............'
..####............# ..#
#..##...###..# ###.#
#..##...###'## ##†#.#
#..........>.# ##.#..#
#............. # #.###.#
#..########...
#.####.#.Z#
#..##..####..#
#.Z.#.###@#
#..#..........
#.#.#..###..#..........
#######.#'...'..........
.........#...#..........
.........##..########..#
##.####..##..###########
# #..##.........#
..............
..........##..#


You could see a wyvern zombie.

Vanquished Creatures
  Edmund (D:6)
  2 ice beasts
  A centaur (D:5)
  2 ogres
  A giant frog (D:3)
  A scorpion (D:5)
  2 howler monkeys (D:4)
  A centaur zombie (D:5)
  A crimson imp (D:5)
  A giant frog zombie (D:3)
  An orc priest (D:4)
  2 orc wizards
  A centaur skeleton (D:4)
  A hound skeleton (D:4)
  A howler monkey zombie (D:5)
  8 gnolls
  5 adders
  An ooze (D:2)
  3 worms
  2 adder skeletons (D:4)
  4 dart slugs
  3 giant geckos (D:5)
  22 orcs
  8 bats
  6 giant cockroaches
  10 goblins
  8 hobgoblins
  10 jackals
  A quokka (D:4)
  A giant cockroach zombie (D:5)
  A giant gecko skeleton (D:5)
  A giant gecko zombie (D:5)
  8 giant newts
  6 kobolds
  7 rats
134 creatures vanquished.

Vanquished Creatures (others)
  A bat (D:1)
1 creature vanquished.

Grand Total: 135 creatures vanquished

Notes
Turn   | Place    | Note
--------------------------------------------------------------
     0 | D:1      | RudyRod the Ogre Fire Elementalist began the quest for the Orb.
     0 | D:1      | Reached XP level 1. HP: 16/16 MP: 3/3
   253 | D:1      | Reached XP level 2. HP: 20/26 MP: 1/5
   631 | D:1      | Reached XP level 3. HP: 17/32 MP: 1/7
   792 | D:1      | Reached skill level 1 in Fighting
   938 | D:1      | Reached skill level 1 in Conjurations
  1425 | D:2      | Found a basalt altar of Yredelemnul.
  1778 | D:2      | Reached XP level 4. HP: 34/41 MP: 8/8
  2428 | D:3      | Noticed an ogre
  2770 | D:3      | Reached skill level 3 in Spellcasting
  2942 | D:3      | Reached XP level 5. HP: 38/48 MP: 0/9
  3021 | D:3      | Learned a level 3 spell: Conjure Flame
  4101 | D:3      | Reached XP level 6. HP: 57/57 MP: 11/11
  4860 | D:4      | Reached skill level 1 in Throwing
  5091 | D:4      | Reached skill level 1 in Maces & Flails
  5091 | D:4      | Reached skill level 4 in Spellcasting
  5091 | D:4      | Reached XP level 7. HP: 62/66 MP: 11/13
  5108 | D:4      | Found a staircase to the Ecumenical Temple.
  5131 | Temple   | Entered the Ecumenical Temple
  5681 | D:4      | Found an iron altar of Okawaru.
  5681 | D:4      | Found a radiant altar of Vehumet.
  5689 | D:4      | Became a worshipper of Vehumet
  5875 | D:5      | Entered Level 5 of the Dungeon
  6420 | D:4      | HP: 1/67 [ice beast (7)]
  7090 | D:5      | Found Wuew's Jewellery Shoppe.
  7146 | D:5      | Noticed Edmund
  7517 | D:5      | Reached XP level 8. HP: 28/75 MP: 15/15
  8073 | D:5      | Reached skill level 5 in Spellcasting
  8212 | D:6      | Killed Edmund
  8839 | D:6      | Noticed Eustachio
  9243 | D:6      | HP: 2/75 [wyvern zombie (9)]
  9246 | D:6      | Slain by a wyvern zombie

Skill      XL: |  1  2  3  4  5  6  7  8 |
---------------+-------------------------+-----
Dodging        | 2 3 4 |  4.8
Fighting       | 1 2 3 |  3.5
Conjurations   | 1 2 |  2.4
Spellcasting   | 3 4 5 |  5.2
Fire Magic     | 3 4 |  4.0
Throwing       | 1 |  1.0
Maces & Flails | 1 3 4 |  4.2
Stealth        | 2 |  2.0
Polearms       | |  0.2

Action                   |  1- 3 |  4- 6 |  7- 9 || total
-------------------------+-------+-------+-------++-------
Melee: Unarmed           |    12 |       |       ||    12
       Halberd           |    24 |       |       ||    24
       Short sword       |    40 |    36 |       ||    76
       Club              |       |    38 |       ||    38
       Morningstar       |       |    48 |    80 ||   128
       Flail             |       |       |    35 ||    35
 Cast: Flame Tongue      |    32 |    93 |   131 ||   256
       Conjure Flame     |       |     3 |     1 ||     4
  Use: Scroll            |       |     8 |     4 ||    12
       Potion            |       |       |     3 ||     3
 Stab: Sleeping          |     1 |       |     1 ||     2
  Eat: Chunk             |     3 |     6 |     2 ||    11
       Bread ration      |       |     1 |     2 ||     3
       Beef jerky        |       |       |     1 ||     1
       Meat ration       |       |       |     1 ||     1
Armor: Robe              |    28 |    54 |    79 ||   161
Dodge: Dodged            |    47 |   128 |   132 ||   307
